 Dungeon Crawl Stone Soup version 0.32-a0-918-g0f22ef8d61 (webtiles) character file.

Game seed: 5448783223503360693

59 Fodor the Covered (level 3, 0/33 HPs)
             Began as a Minotaur Fighter on Apr 11, 2024.
             Slain by a gnoll
             ... wielding a +0 spear
              (2 damage)
             ... on level 2 of the Dungeon.
             The game lasted 00:02:30 (716 turns).

Fodor the Covered (Minotaur Fighter)                 Turns: 716, Time: 00:02:31

Health: 0/33       AC:  9    Str: 22    XL:     3   Next: 78%
Magic:  2/2        EV:  8    Int:  5    God:
Gold:   61         SH:  4    Dex:  9    Spells: 2/2 levels left

rFire   . . .        a - +0 war axe
rCold   . . .        c - +0 buckler
rNeg    . . .        b - +0 scale mail
rPois   .            (helmet restricted)
rElec   .            (no cloak)
rCorr   .            (no gloves)
SInv    .            j - +1 pair of boots
Will    .....        (no amulet) Stlth
                     (no ring)
HPRegen 0.25/turn    (no ring)
MPRegen 0.08/turn

%: no passive effects
@: no status effects
A: horns 2, retaliatory headbutt
a: no special abilities


You were on level 2 of the Dungeon.
You visited 1 branch of the dungeon, and saw 2 of its levels.

You collected 61 gold pieces.

Inventory:

Hand Weapons
 a - a +0 war axe (weapon)
Armour
 b - a +0 scale mail (worn)
 c - a +0 buckler (worn)
 j - a +1 pair of boots (worn)
Scrolls
 e - a scroll of enchant weapon {unknown}
 f - 2 scrolls of identify {unknown}
 g - a scroll of fog {unknown}
 h - a scroll of teleportation {unknown}
Potions
 d - a potion of might
 i - a potion of heal wounds {unknown}


   Skills:
 + Level 4.2 Fighting
 + Level 3.3 Axes
 + Level 4.3 Armour
 + Level 0.2 Dodging
 + Level 4.1 Shields


You had 2 spell levels left.
You didn't know any spells.
Your spell library was empty.

Dungeon Overview and Level Annotations

Branches:
Dungeon (2/15)

Altars:


Innate Abilities, Weirdness & Mutations

You have a pair of horns on your head.
You reflexively headbutt those who attack you in melee.


Message History

A dart slug comes into view.
The gnoll hits you but does no damage. The dart slug launches a dart at you.
The slug dart hits you but does no damage.
Things that are here:
13 gold pieces; a +0 halberd The gnoll closely misses you.
The kobold attacks as it pursues you! The kobold hits you but does no damage.
The gnoll hits you with a +0 spear.
You barely miss the gnoll. You miss the kobold.
The gnoll hits you but does no damage. The kobold barely misses you.
You barely miss the gnoll. Your headbutt misses the gnoll. You hit the kobold.
You kill the kobold!
The gnoll hits you with a +0 spear.
* * * LOW HITPOINT WARNING * * *
The dart slug launches a dart at you.
The slug dart hits you but does no damage.
The gnoll hits you with a +0 spear.
* * * LOW HITPOINT WARNING * * *
You barely miss the gnoll. The gnoll hits you with a +0 spear.
* * * LOW HITPOINT WARNING * * *
The dart slug launches a dart at you. The slug dart misses you.
You hit the gnoll but do no damage.
You headbutt the gnoll, but do no damage.
You block the gnoll's attack.
You barely miss the gnoll. You hit the dart slug. You block the gnoll's attack.
You block the dart slug's attack. The gnoll hits you with a +0 spear.
* * * LOW HITPOINT WARNING * * *
You hit the gnoll.
You headbutt the gnoll, but do no damage.
The gnoll is moderately wounded.
You hit the dart slug. The gnoll barely misses you.
The dart slug bites you but does no damage.
You closely miss the gnoll.
The gnoll is moderately wounded.
You hit the dart slug.
You kill the dart slug!
The gnoll hits you with a +0 spear.
You die...

#....<.....#
#.###.#..###
####.##).######
........))...#.
.###.##.....#.# #
#....##.#
#.##.#!.##.#
#.......##g#######
#.##.....$)@.....#
# ####.##.####...#
#.##.# . #.#...
......# ##.#.##
#.#.. #.##.


You could see a gnoll.

Vanquished Creatures
  A gnoll (D:2)
  A dart slug (D:2)
  4 ball pythons (D:1)
  3 endoplasms (D:1)
  2 hobgoblins (D:1)
  16 jackals (D:1)
  6 kobolds
  3 quokkas (D:1)
  2 frilled lizards (D:1)
  A goblin (D:1)
  2 rats (D:1)
41 creatures vanquished.

Notes
Turn   | Place    | Note
-------+----------+-------------------------------------------
     0 | D:1      | Fodor the Minotaur Fighter began the quest for the Orb.
     0 | D:1      | Reached XP level 1. HP: 19/19 MP: 0/0
    88 | D:1      | Reached XP level 2. HP: 27/27 MP: 1/1
   362 | D:1      | Reached XP level 3. HP: 30/33 MP: 2/2
   714 | D:2      | HP: 1/33 [gnoll/+0 spear (3)]
   716 | D:2      | Slain by a gnoll

Illustrated notes

Levels and vault maps discovered:
D:1:      nicolae_arrival_memento_mori, layout_basic, minmay_misc_feat_columns
D:2:      minmay_razor_zed, layout_loops_ring, minmay_pentomino_s4,
          uniq_crazy_yiuf_cottage

Skill      XL: |  1  2  3 |
---------------+----------+-----
Shields        | 4 |  4.1
Armour         | 4 |  4.3
Fighting       | 4 |  4.2
Axes           | 3 |  3.3
Dodging        | |  0.2

Action                     || total
---------------------------++-------
  Melee: War axe           ||    85
         Headbutt          ||    10
 Armour: Scale mail        ||    96
  Dodge: Dodged            ||    55
  Block: Buckler           ||    29

Table legend: (Time is in decaauts)
 A = Elapsed time spent in this place.
 B = Non-inter-level travel time spent in this place.
 C = Inter-level travel time spent in this place.
 D = Time resting spent in this place.
 E = Time spent auto-exploring this place.
 F = Levels seen in this place.
 G = Mean time per level.
                   A        B        C        D        E       F      G
               +--------+--------+--------+--------+--------+-----+--------+
         Total |    749 |    749 |      0 |      0 |    370 |   2 |  374.5 |
       Dungeon |    749 |    749 |      0 |      0 |    370 |   2 |  374.5 |
               +--------+--------+--------+--------+--------+-----+--------+

Top non-repeatable levels by time:
     D:1: 706 daAuts
     D:2: 42 daAuts
